 Dungeon Crawl Stone Soup version 0.27-a0-637-g3a9f0a9c12 (webtiles) character file.

Game seed: 918155841348567384

12 jestyr24 the Skirmisher (level 2, 17/24 HPs)
             Began as a Demonspawn Fighter on Mar 15, 2021.
             Quit the game on level 1 of the Dungeon.
             The game lasted 00:01:29 (208 turns).

jestyr24 the Skirmisher (Demonspawn Fighter)         Turns: 208, Time: 00:01:30

Health: 17/24      AC:  6    Str: 16    XL:     2   Next: 20%
Magic:  2/2        EV:  6    Int:  9    God:
Gold:   2          SH:  8    Dex: 12    Spells: 1/1 levels left

rFire    . . .     SeeInvis .   a - +0 long sword
rCold    . . .     Faith    .   c - +0 kite shield
rNeg     . . .     Spirit   .   b - +0 scale mail
rPois    .         Reflect  .   (no helmet)
rElec    .         Harm     .   (no cloak)
rCorr    .         Rampage  .   (no gloves)
Will     .....                  (no boots)
Stlth    ..........             (no amulet)
HPRegen  0.08/turn              (no ring)
MPRegen  0.08/turn              (no ring)

@: no status effects
A: demonic magic 1
a: no special abilities


You were on level 1 of the Dungeon.
You visited 1 branch of the dungeon, and saw 1 of its levels.

You collected 2 gold pieces.

Inventory:

Hand Weapons
 a - a +0 long sword (weapon)
 f - a +0 hand axe of venom
Armour
 b - a +0 scale mail (worn)
 c - a +0 kite shield (worn)
Jewellery
 j - a ring of protection from cold
 k - an amulet of guardian spirit
Scrolls
 e - a scroll of teleportation {unknown}
 g - a scroll of identify {unknown}
 h - a scroll of random uselessness {unknown}
Potions
 d - 2 potions of might
 i - a potion of heal wounds {unknown}


   Skills:
 + Level 3.0 Fighting
 + Level 2.1 Long Blades
 + Level 2.9 Armour
 + Level 0.1 Dodging
 + Level 2.8 Shields


You had one spell level left.
You didn't know any spells.
Your spell library was empty.

Dungeon Overview and Level Annotations

Branches:
Dungeon (1/15)

Altars:


Innate Abilities, Weirdness & Mutations

Spells you cast may paralyse adjacent enemies.


Message History

h - a scroll labelled RAOTWEL HUMAORR
i - a murky orange potion An ooze comes into view.
The ooze hits you but does no damage.
Found a marble ring.
You hit the ooze.
The ooze is moderately wounded.
You block the ooze's attack.
You hit the ooze.
The ooze is severely wounded.
The ooze barely misses you. You block the ooze's attack.
You hit the ooze.
You kill the ooze!
You have reached level 2!
Your demonic ancestry asserts itself...
A menacing aura infuses your magic.
A hobgoblin comes into view. It is wielding a +0 club.
The hobgoblin shouts!
You see here a ring of protection from cold.
Found a dented bone amulet.
You see here a ring of protection from cold.
j - a ring of protection from cold Your shield prevents you from hitting the hobgoblin.
The hobgoblin closely misses you.
The hobgoblin hits you but does no damage.
You closely miss the hobgoblin. The hobgoblin hits you with a +0 club.
Your scale mail prevents you from hitting the hobgoblin.
The hobgoblin hits you with a +0 club. x2
You hit the hobgoblin.
The hobgoblin is lightly wounded.
You block the hobgoblin's attack.
You slash the hobgoblin!
You kill the hobgoblin!
Things that are here:
a +0 club; a hobgoblin corpse A frilled lizard comes into view.
The frilled lizard hisses angrily.
You see here an amulet of guardian spirit.
k - an amulet of guardian spirit Are you sure you want to abandon this character and quit the game? (Confirm with "yes".)

+. .. #. .#.# #.#.#.#
##.#####...#.####
##................ ....
l.......... #..#
#.....# #..# #.@.# #..#
#...#
#######..#####...#.#
#............).....#
##..##..##..##........
#..##..##..##..#.####
#.. #..................
...
###...#.###..##..#.#..
...
#......................
#.#


You could see a frilled lizard.

Vanquished Creatures
  An ooze (D:1)
  A bat (D:1)
  2 giant cockroaches (D:1)
  2 hobgoblins (D:1)
  A frilled lizard (D:1)
7 creatures vanquished.

Notes
Turn   | Place    | Note
-------+----------+-------------------------------------------
     0 | D:1      | jestyr24 the Demonspawn Fighter began the quest for the
                  | Orb.
     0 | D:1      | Reached XP level 1. HP: 18/18 MP: 1/1
   189 | D:1      | Gained mutation: Spells you cast may paralyse adjacent
                  | enemies. [demonic ancestry]
   189 | D:1      | Reached XP level 2. HP: 24/24 MP: 2/2
   208 | D:1      | Quit the game

Illustrated notes

Levels and vault maps discovered:
D:1:      minmay_arrival_three_doors, layout_basic

Skill      XL: |  1 |
---------------+----+-----
Long Blades    | 2 |  2.1
Fighting       | |  3.0
Armour         | |  2.9
Dodging        | |  0.1
Shields        | |  2.8

Action                   || total
-------------------------++-------
Melee: Long sword        ||    36
Armor: Scale mail        ||    20
Dodge: Dodged            ||    12
Block: Kite shield       ||    23
       Rpst.: Long sword ||     5

Table legend: (Time is in decaauts)
 A = Elapsed time spent in this place.
 B = Non-inter-level travel time spent in this place.
 C = Inter-level travel time spent in this place.
 D = Time resting spent in this place.
 E = Time spent auto-exploring this place.
 F = Levels seen in this place.
 G = Mean time per level.
                   A        B        C        D        E       F      G
               +--------+--------+--------+--------+--------+-----+--------+
         Total |    227 |    227 |      0 |      0 |     99 |   1 |  227.0 |
       Dungeon |    227 |    227 |      0 |      0 |     99 |   1 |  227.0 |
               +--------+--------+--------+--------+--------+-----+--------+

Top non-repeatable levels by time:
     D:1: 227 daAuts
